 Dungeon Sprint DCSS version 0.21-a0-297-ga3d34c2 (webtiles) character file.

6366 potatolord6000 the Grappler (level 10, -13/99 HPs)
             Began as a Gnoll Transmuter on Sept 28, 2017.
             Was a High Priest of Sif Muna.
             Mangled by a nagaraja
             ... wielding a +0 whip
              (24 damage)
             ... in the Dungeon (Sprint VII: "The Pits").
             The game lasted 00:11:30 (2699 turns).

potatolord6000 the Grappler (Gnoll Transmuter)      Turns: 2699, Time: 00:11:31

Health: -13/99     AC:  7    Str: 22    XL:     10   Next: 97%
Magic:  16/24      EV: 17    Int: 15    God:    Sif Muna [*****.]
Gold:   0          SH:  0    Dex: 18    Spells: 15/30 levels left

rFire    x . .     SeeInvis .     - Unarmed
rCold    + + +     Gourm    .   (shield currently unavailable)
rNeg     . . .     Faith    .   (armour currently unavailable)
rPois    +         Spirit   .   (helmet currently unavailable)
rElec    .         Reflect  .   (cloak currently unavailable)
rCorr    .         Harm     .   (gloves currently unavailable)
MR       .....     NoTele   +   (boots currently unavailable)
Stlth    ++++......             (no amulet)
HPRegen  0.26/turn              a - +3 ring of evasion
MPRegen  0.19/turn              q - +3 ring of dexterity

@: mighty, ice-form, very slightly contaminated, constricted, invisible
A: distributed training, strong nose
a: End Transformation, Divine Energy, Channel Magic, Forget Spell, Renounce
Religion


You were in the Dungeon.
You worshipped Sif Muna.
Sif Muna was extremely pleased with you.
You were hungry.
You were a creature of crystalline ice.
You visited 1 branch

Inventory:

Armour
 b - a +0 pair of gloves (melded)
 r - a +5 ring mail of cold resistance (melded)
Jewellery
 a - a +3 ring of evasion (left front paw)
 q - a +3 ring of dexterity (right front paw)
Scrolls
 l - 3 scrolls of remove curse
 m - 4 scrolls of amnesia
Potions
 e - 6 potions of curing
 h - 4 potions of magic
Books
 c - a book of Changes

   Spells                             Type                      Level
   a - Beastly Appendage              Transmutation                1
   b - Sticks to Snakes               Transmutation                2
   c - Spider Form                    Transmutation/Poison         3
   d - Ice Form                       Ice/Transmutation            4
   e - Blade Hands                    Transmutation                5
 i - Sif Muna's Guide on the Escort and Poison
   (Sif Muna gifted it to you in the Dungeon)

   Spells                             Type                      Level
   a - Call Imp                       Summoning                    2
   b - Summon Lightning Spire         Summoning/Air                4
   c - Venom Bolt                     Conjuration/Poison           5
   d - Alistair's Intoxication        Transmutation/Poison         5
   e - Poison Arrow                   Conjuration/Poison           6
   f - Shadow Creatures               Summoning                    6
Comestibles
 d - 8 bread rations
 o - 40 fruits
 p - 5 meat rations


   Skills:
 + Level 9.4 Fighting
 + Level 8.8 Short Blades
 + Level 9.6 Long Blades
 + Level 9.2 Axes
 + Level 9.2 Maces & Flails
 + Level 9.4 Polearms
 + Level 8.8 Staves
 + Level 8.6 Slings
 + Level 9.4 Bows
 + Level 9.3 Crossbows
 + Level 9.2 Throwing
 + Level 9.2 Armour
 + Level 10.1 Dodging
 + Level 9.0 Stealth
   Level 0.0 Stabbing
 + Level 8.2 Shields
   Level 0.0 Traps
 + Level 11.2 Unarmed Combat
 + Level 10.5 Spellcasting
 + Level 8.9 Conjurations
 + Level 9.4 Hexes
 + Level 9.0 Charms
 + Level 9.4 Summonings
 + Level 9.7 Necromancy
 + Level 9.2 Translocations
 + Level 10.2 Transmutations
 + Level 9.2 Fire Magic
 + Level 9.3 Ice Magic
 + Level 8.9 Air Magic
 + Level 8.4 Earth Magic
 + Level 9.2 Poison Magic
 + Level 8.2 Invocations
 + Level 9.7 Evocations


You had 15 spell levels left.
You knew the following spells:

 Your Spells              Type           Power        Failure   Level  Hunger
a - Blade Hands           Tmut           #####.....   3%          5    #####..
b - Ice Form              Ice/Tmut       #####...     1%          4    ###....
c - Shadow Creatures      Summ           N/A          28%         6    ######.


Dungeon Overview and Level Annotations

Branches:
Dungeon (1/1)

Altars:
Ashenzari
Cheibriados
Dithmenos
Elyvilon
Fedhas
Gozag
Hepliaklqana
Kikubaaqudgha
Makhleb
Nemelex Xobeh
Okawaru
Qazlal
Ru
Sif Muna
Trog
Uskayaw
Vehumet
Wu Jian
Xom
Yredelemnul
Zin
The Shining One
Beogh
Jiyva
Lugonu


Innate Abilities, Weirdness & Mutations

Your experience applies equally to all skills.
((You have very sharp teeth.))
Your uncanny sense of smell can sniff out nearby items.


Message History

* * * LOW HITPOINT WARNING * * *
The nagaraja grabs you.
* * * LOW HITPOINT WARNING * * *
The nagaraja constricts you.
You fade into invisibility!
The spriggan druid casts a spell.
The spriggan druid is healed somewhat.
The nagaraja hits you with a whip!
* * * LOW HITPOINT WARNING * * *
x2 The nagaraja constricts you.
Your small abomination hits the nagaraja.
The crocodile bites your small abomination!
You are very lightly contaminated with residual magic.
You feel better.
The nagaraja points at you and mumbles some strange words.
The orb of energy misses you.
* * * LOW HITPOINT WARNING * * *
The nagaraja constricts you.
Your small abomination hits the nagaraja but does no damage.
The nagaraja hits you with a whip!!
You die...

''############ ######
......+..'...### .....
......+..'[)...## ....
.....##..##.....##
...#
..[###....###....#
...#
..##........###.###..#
''#)..#..#...#....#..#
...))........+...xit4+
''#.).#..#...#..YN#..#
..##........###)###9.#
...###....###..).#
...#
.....##..##.....##
...# #.....'..+.....##
.... ###...'..+...###
..... ############
######


You could see a nagaraja, a spriggan druid, an ice devil, a crocodile and a
friendly small abomination.

Vanquished Creatures
  A two-headed ogre (D)
  A spriggan druid (D)
  A deep elf mage (D)
  A manticore (D)
  Joseph (D)
  An orange demon (D)
  A rime drake (D)
  An efreet (D)
  2 trolls (D)
  A jumping spider (D)
  3 blink frogs (D)
  Sigmund (D)
  A wraith (D)
  A redback (D)
  A hungry ghost (D)
  5 vampire mosquitoes (D)
  A floating eye (D)
  A swamp drake (D)
  2 sky beasts (D)
  A centaur (D)
  Blork the orc (D)
  4 wights (D)
  A jelly (D)
  An orc priest (D)
  An orc wizard (D)
  A mummy (D)
  A river rat (D)
  An ufetubus (D)
  An ooze (D)
  2 adder skeletons (D)
  2 leopard geckos (D)
  5 orcs (D)
  A ball python (D)
  A giant cockroach (D)
  2 quokkas (D)
  2 bats (D)
55 creatures vanquished.

Notes
Turn   | Place    | Note
-------+----------+-------------------------------------------
     0 | D        | potatolord6000 the Gnoll Transmuter began the quest for the Orb.
     0 | D        | Reached XP level 1. HP: 17/17 MP: 6/6
    15 | D        | Reached skill level 1 in Maces & Flails
    15 | D        | Reached skill level 1 in Bows
    15 | D        | Reached skill level 5 in Spellcasting
    15 | D        | Reached skill level 1 in Poison Magic
    20 | D        | Found a bloodstained altar of Trog.
    20 | D        | Found a deep blue altar of Sif Muna.
    20 | D        | Found a viscous altar of Jiyva.
    20 | D        | Found a hazy altar of Hepliaklqana.
    20 | D        | Found an opulent altar of Gozag.
    44 | D        | Found a glowing golden altar of the Shining One.
    44 | D        | Found a glowing silver altar of Zin.
    44 | D        | Found a basalt altar of Yredelemnul.
    44 | D        | Found a shimmering altar of Xom.
    44 | D        | Found an ornate altar of the Wu Jian Council.
    44 | D        | Found a sacrificial altar of Ru.
    44 | D        | Found a stormy altar of Qazlal.
    44 | D        | Found an iron altar of Okawaru.
    44 | D        | Found a sparkling altar of Nemelex Xobeh.
    44 | D        | Found a burning altar of Makhleb.
    44 | D        | Found a blossoming altar of Fedhas.
    44 | D        | Found a white marble altar of Elyvilon.
    44 | D        | Found a shadowy altar of Dithmenos.
    44 | D        | Found a snail-covered altar of Cheibriados.
    47 | D        | Found a corrupted altar of Lugonu.
    47 | D        | Found a radiant altar of Vehumet.
    47 | D        | Found a roughly hewn altar of Beogh.
    49 | D        | Found a shattered altar of Ashenzari.
    49 | D        | Found an ancient bone altar of Kikubaaqudgha.
    49 | D        | Found a hide-covered altar of Uskayaw.
    51 | D        | Became a worshipper of Sif Muna the Loreminder
    76 | D        | Reached skill level 1 in Long Blades
    76 | D        | Reached skill level 1 in Axes
    83 | D        | Reached skill level 1 in Short Blades
    83 | D        | Reached skill level 1 in Staves
    83 | D        | Reached skill level 1 in Crossbows
    83 | D        | Reached skill level 1 in Shields
    83 | D        | Reached skill level 1 in Summonings
    83 | D        | Reached XP level 2. HP: 23/23 MP: 8/8
    88 | D        | Reached skill level 1 in Hexes
   212 | D        | Noticed a floating eye
   215 | D        | Paralysed by a floating eye for 2 turns
   218 | D        | Killed a floating eye
   218 | D        | Reached * piety under Sif Muna
   218 | D        | Reached skill level 5 in Dodging
   218 | D        | Reached skill level 7 in Unarmed Combat
   218 | D        | Reached skill level 5 in Transmutations
   218 | D        | Reached XP level 3. HP: 29/30 MP: 7/10
   218 | D        | Reached XP level 4. HP: 36/37 MP: 8/12
   224 | D        | Learned a level 4 spell: Ice Form
   250 | D        | Reached XP level 5. HP: 42/42 MP: 8/13
   251 | D        | Reached ** piety under Sif Muna
   342 | D        | Noticed a centaur
   353 | D        | Reached skill level 5 in Necromancy
   358 | D        | Noticed a hungry ghost
   358 | D        | Noticed Sigmund
   359 | D        | Killed a centaur
   359 | D        | Reached skill level 5 in Fighting
   359 | D        | Reached XP level 6. HP: 49/51 MP: 6/15
   364 | D        | Killed a hungry ghost
   364 | D        | Reached *** piety under Sif Muna
   364 | D        | Reached skill level 5 in Axes
   364 | D        | Reached skill level 5 in Maces & Flails
   364 | D        | Reached skill level 5 in Crossbows
   364 | D        | Reached skill level 5 in Armour
   364 | D        | Reached skill level 8 in Unarmed Combat
   364 | D        | Reached skill level 5 in Hexes
   364 | D        | Reached skill level 5 in Summonings
   364 | D        | Reached skill level 5 in Ice Magic
   364 | D        | Reached skill level 5 in Poison Magic
   364 | D        | Reached skill level 5 in Evocations
   369 | D        | Reached skill level 5 in Fire Magic
   369 | D        | Reached XP level 7. HP: 56/56 MP: 8/17
   373 | D        | Reached skill level 5 in Long Blades
   373 | D        | Reached skill level 5 in Polearms
   379 | D        | Killed Sigmund
   379 | D        | Reached **** piety under Sif Muna
   379 | D        | Reached skill level 5 in Short Blades
   379 | D        | Reached skill level 5 in Staves
   379 | D        | Reached skill level 5 in Slings
   379 | D        | Reached skill level 5 in Bows
   379 | D        | Reached skill level 5 in Throwing
   379 | D        | Reached skill level 5 in Stealth
   379 | D        | Reached skill level 5 in Conjurations
   379 | D        | Reached skill level 5 in Charms
   379 | D        | Reached skill level 5 in Translocations
   379 | D        | Reached skill level 5 in Air Magic
   511 | D        | Reached skill level 5 in Shields
   519 | D        | Learned a level 5 spell: Blade Hands
   521 | D        | Noticed a vampire mosquito
   523 | D        | Killed a vampire mosquito
   523 | D        | Reached skill level 5 in Invocations
   853 | D        | Reached skill level 9 in Unarmed Combat
   853 | D        | Reached XP level 8. HP: 64/64 MP: 16/20
  1008 | D        | Noticed a manticore
  1008 | D        | Noticed an efreet
  1012 | D        | Killed an efreet
  1012 | D        | Reached skill level 5 in Earth Magic
  1018 | D        | Killed a manticore
  1018 | D        | Reached ***** piety under Sif Muna
  1018 | D        | Received a gift from Sif Muna
  1296 | D        | Noticed a wraith
  1308 | D        | Reached XP level 9. HP: 19/72 MP: 17/22
  1325 | D        | HP: 5/130 [vampire mosquito (4)]
  1327 | D        | Reached skill level 10 in Unarmed Combat
  1657 | D        | Noticed an orange demon
  1658 | D        | Noticed Blork the orc
  1659 | D        | Noticed Joseph
  1664 | D        | Killed Joseph
  1673 | D        | Killed Blork the orc
  1674 | D        | Noticed a jumping spider
  1679 | D        | Killed an orange demon
  1688 | D        | Killed a jumping spider
  1944 | D        | Noticed a troll
  1952 | D        | HP: 4/90 [sky beast (6)]
  1959 | D        | Identified Sif Muna's Guide on the Escort and Poison (Sif Muna gifted it to you in the Dungeon)
  1959 | D        | Received a gift from Sif Muna
  1959 | D        | Reached XP level 10. HP: 35/82 MP: 20/23
  1984 | D        | Reached skill level 10 in Spellcasting
  2319 | D        | Noticed a spriggan druid
  2322 | D        | Noticed a deep elf mage
  2330 | D        | Killed a spriggan druid
  2331 | D        | Reached skill level 10 in Transmutations
  2345 | D        | Noticed a two-headed ogre
  2358 | D        | Killed a deep elf mage
  2358 | D        | Reached skill level 11 in Unarmed Combat
  2360 | D        | Killed a two-headed ogre
  2360 | D        | Reached skill level 10 in Dodging
  2682 | D        | Learned a level 6 spell: Shadow Creatures
  2684 | D        | Noticed a spriggan druid
  2684 | D        | Noticed a nagaraja
  2685 | D        | Noticed a gargoyle
  2698 | D        | HP: 4/99 [nagaraja/whip (2)]
  2699 | D        | Mangled by a nagaraja

Vault maps used:
D:        pitsprint

Skill      XL: |  1  2  3  4  5  6  7  8  9 10 |
---------------+-------------------------------+-----
Maces & Flails | 1 3 4 5 7 8 9 |  9.2
Bows           | 1 2 3 4 5 6 8 9 |  9.4
Spellcasting   | 5 6 7 8 9 10 | 10.5
Necromancy     | 2 4 5 6 7 8 9 |  9.7
Poison Magic   | 1 3 4 5 6 8 9 |  9.2
Long Blades    | 1 2 3 4 5 6 8 9 |  9.6
Axes           | 1 3 4 5 6 8 9 |  9.2
Short Blades   | 1 2 4 5 6 7 8 |  8.8
Staves         | 1 3 4 5 6 7 8 |  8.8
Crossbows      | 1 3 4 5 6 7 8 9 |  9.3
Shields        | 1 2 3 4 5 6 7 8 |  8.2
Summonings     | 1 2 4 5 7 8 9 |  9.4
Hexes          | 3 4 5 6 7 8 9 |  9.4
Fighting       | 3 5 6 7 8 9 |  9.4
Polearms       | 2 4 5 7 8 9 |  9.4
Slings         | 2 3 4 5 6 7 8 |  8.6
Throwing       | 2 3 4 5 6 7 9 |  9.2
Armour         | 2 3 4 5 6 7 8 9 |  9.2
Dodging        | 5 6 7 9 10 | 10.1
Stealth        | 2 4 5 6 8 9 |  9.0
Unarmed Combat | 7 8 9 10 11 | 11.2
Conjurations   | 2 3 4 5 6 7 8 |  8.9
Charms         | 2 3 4 5 6 7 9 |  9.0
Translocations | 2 4 5 7 8 9 |  9.2
Transmutations | 5 6 7 8 9 10 | 10.2
Fire Magic     | 3 4 5 6 8 9 |  9.2
Ice Magic      | 3 4 5 6 7 8 9 |  9.3
Air Magic      | 2 3 4 5 6 7 8 |  8.9
Earth Magic    | 2 3 4 6 7 8 |  8.4
Invocations    | 2 3 4 5 6 7 8 |  8.2
Evocations     | 2 3 4 5 6 7 8 9 |  9.7

Action                   |  1- 3 |  4- 6 |  7- 9 | 10-12 || total
-------------------------+-------+-------+-------+-------++-------
Melee: Unarmed           |    16 |    20 |    72 |    45 ||   153
       Kick              |     5 |       |       |       ||     5
       Bite              |     2 |     1 |     1 |       ||     4
       Punch             |     1 |       |     1 |       ||     2
 Cast: Beastly Appendage |     3 |       |       |       ||     3
       Ice Form          |       |     2 |     4 |     2 ||     8
       Blade Hands       |       |       |     2 |       ||     2
       Shadow Creatures  |       |       |       |     1 ||     1
  Use: Scroll            |       |     1 |     1 |     1 ||     3
       Potion            |       |     3 |    13 |     6 ||    22
 Stab: Sleeping          |       |       |     3 |       ||     3
       Confused          |       |       |     1 |       ||     1
       Invisible         |       |       |       |     3 ||     3
  Eat: Meat ration       |       |       |     2 |       ||     2
Armor: Skin              |       |     9 |    23 |     5 ||    37
       Ring mail         |       |       |     5 |       ||     5
Dodge: Dodged            |     7 |    19 |   123 |    50 ||   199

Table legend:
 A = Spawn XP
 B = Non-spawn XP
 C = Spawn XP percentage of total XP
 D = Spawn monster count
 E = Non-spawn monster count
 F = Spawn count percentage of total count
 G = Total turns spent on level
                    A         B        C        D         E        F      G
               +---------+---------+-------+---------+---------+-------+---------
         Total |       0 |    9095 |   0.0 |       0 |      55 |   0.0 |  2699
               +---------+---------+-------+---------+---------+-------+---------
             D |       0 |    9095 |   0.0 |       0 |      55 |   0.0 |  2699
               +---------+---------+-------+---------+---------+-------+---------
